cohdb
Replays
Latest Replays
All Replays
Popular Replays
Top Player Replays
Match Explorer
How It Works
Community
CoH3 Stats
Reddit
Sign in to upload your games and track your stats! →
Sign in with Steam
Match 40832662
Unlisted
Match 40832662
Overview
Messages
Build Orders
End
Pioneer Squad
Pioneer Squad
Construct Infanterie Kompanie
Selects Terror Battlegroup
Selects Machine Gun Camouflage
MG 42 Machine Gun Team
MG 42 Machine Gun Team
Construct Luftwaffe Kompanie
221 Scout Car
Medical Station
Jäger Squad
Jäger Squad
Selects Interrogate
Luftwaffe Officer Quarters
Construct Panzer Kompanie
Selects Defend the Fatherland
Stoßtruppen Squad
MG 42 Bunker
Panzer IV Medium Tank
Panzer Officer Quarters
Repair Bunker
Stoßtruppen Squad
Selects King Tiger Heavy Tank
King Tiger Heavy Tank
十_Fck
TiMMi_ks
Jinx
Granger
Enceladus
DMTriBorn2Party
0
0
Comments
sign in to comment!
No comments posted yet!